 Dungeon Crawl Stone Soup version 0.20-a0-738-gb057e68 (webtiles) character file.

19726 krabocopter the Carver (level 12, -1/100 HPs)
             Began as a Vine Stalker Gladiator on Feb 23, 2017.
             Was a High Priest of Okawaru.
             Slain by a minotaur (3 damage)
             ... in a labyrinth.
             The game lasted 01:10:42 (14364 turns).

krabocopter the Carver (Vine Stalker Gladiator)    Turns: 14364, Time: 01:10:43

Health: -1/100     AC: 29    Str: 24    XL:     12   Next: 72%
Magic:  0/13       EV:  2    Int:  9    God:    Okawaru [*****.]
Gold:   796        SH: 11    Dex: 18    Spells: 9/11 levels left

rFire    . . .     SeeInvis +   a - +0 long sword
rCold    . . .     Gourm    .   (armour currently unavailable)
rNeg     + + +     Faith    .   w - +0 buckler
rPois    +         Spirit   +   (helmet currently unavailable)
rElec    .         Reflect  +   (cloak currently unavailable)
rCorr    .         Harm     .   (gloves currently unavailable)
MR       +....     NoTele   +   (boots currently unavailable)
Stlth    +++.......             K - +4 amulet of reflection
Regen    1.1/turn               C - +3 ring of protection
MPRegen  0.2/turn               o - ring of see invisible

@: mighty, tree-form, heroism
A: (fangs 0), regeneration 2, magic shield, (antimagic bite), no potion heal 3,
rot immunity
a: Heroism, Finesse, Renounce Religion


You were in a labyrinth.
You worshipped Okawaru.
Okawaru was extremely pleased with you.
You were not hungry.
You were a tree.
You visited 3 branches of the dungeon, and saw 15 of its levels.
You also visited: Labyrinth.

You collected 796 gold pieces.

Inventory:

Hand Weapons
 a - a +0 long sword (weapon)
Missiles
 d - 12 throwing nets (quivered)
Armour
 c - a +0 pair of boots (melded)
 n - a +1 leather armour of magic resistance
 s - a scarf of resistance (melded)
 w - a +0 buckler (worn)
 B - the +6 chain mail of Conscience (melded) {+Blink rC- Str+8 Dex+2}
   (You found it on level 12 of the Dungeon)

   It affects your strength (+8).
   It affects your dexterity (+2).
   It makes you vulnerable to cold.
   It lets you blink.
 E - a cursed +0 leather armour
 I - a +0 pair of gloves (melded)
 N - a +1 hat (melded)
 Q - a +3 ring mail of fire resistance
Jewellery
 o - a ring of see invisible (left branch)
 q - an uncursed ring of protection from fire
 C - a +3 ring of protection (right branch)
 K - a +4 amulet of reflection (around neck)
 Y - an uncursed ring of magical power
Wands
 h - a wand of lightning (4/15)
 x - a wand of acid (6/15)
 z - a wand of iceblast (4/15)
 S - a wand of iceblast (7/15)
 W - a wand of lightning (1/15)
Scrolls
 g - 2 scrolls of remove curse
 j - 2 scrolls of immolation
 l - a scroll of amnesia
 p - 3 scrolls of identify
 r - a scroll of blinking
 u - 2 scrolls of recharging
 y - 7 scrolls of teleportation
 D - 2 scrolls of fear
 G - a scroll of enchant armour {unknown}
 M - a scroll of fog
 Z - a scroll of magic mapping {unknown}
Potions
 b - 2 potions of lignification
 e - a potion of berserk rage
 i - a potion of brilliance {unknown}
 v - 2 potions of mutation {unknown}
 A - a potion of magic {unknown}
 H - 3 potions of flight
 J - a potion of haste
 O - 4 potions of curing
 P - a potion of cancellation {unknown}
 T - a potion of might
Books
 t - a Young Poisoner's Handbook

   Spells                             Type                      Level
   a - Sting                          Conjuration/Poison           1
   b - Poisonous Vapours              Poison/Air                   2
   c - Mephitic Cloud                 Conjuration/Poison/Air       3
   d - Olgreb's Toxic Radiance        Poison                       4
   e - Venom Bolt                     Conjuration/Poison           5
 F - a book of Minor Magic

   Spells                             Type                      Level
   a - Magic Dart                     Conjuration                  1
   b - Blink                          Translocation                2
   c - Call Imp                       Summoning                    2
   d - Slow                           Hexes                        2
   e - Conjure Flame                  Conjuration/Fire             3
   f - Mephitic Cloud                 Conjuration/Poison/Air       3
Comestibles
 f - 13 bread rations
 k - 7 meat rations


   Skills:
 + Level 9.7(14.7) Fighting
 * Level 12.4(17.4) Long Blades
 - Level 1.7(6.7) Throwing
 - Level 7.2(12.2) Armour
 - Level 5.4(10.4) Dodging
 - Level 5.4(10.4) Shields


You had 9 spell levels left.
You knew the following spells:

 Your Spells              Type           Power        Failure   Level  Hunger
a - Sting                 Conj/Pois      #...         38%         1    ##.....
b - Apportation           Tloc           #.....       38%         1    ##.....


Dungeon Overview and Level Annotations

Branches:
Dungeon (12/15)            Temple (0/1) D:7            Lair (1/6) D:8
    Orc (1/2) D:11

Altars:
Fedhas
Gozag
Kikubaaqudgha
Nemelex Xobeh
Okawaru
Trog
Uskayaw
Xom

Shops:
D:9 %?

Annotations:
D:4 nono's ghost, amateur VSAM
D:10 graki42's ghost, novice DEFE
D:12 Rupert
Lair:1 Gastronok


Innate Abilities, Weirdness & Mutations

((You have razor-sharp teeth.))
You heal very quickly.
When hurt, damage is shared between your health and your magic reserves.
((Your bite disrupts and absorbs the magic of your enemies.))
Potions cannot restore your health.
You are immune to rotting.


Message History

You hit the minotaur but do no damage. The minotaur hits you!
* * * LOW HITPOINT WARNING * * *
You block the minotaur's attack.
You take 7 damage, and have 7/100 hp.
You slice the minotaur!!
The minotaur hits you but does no damage.
The minotaur gores you but does no damage.
You hit the minotaur but do no damage. You hit the minotaur.
The minotaur hits you but does no damage.
The minotaur gores you.
* * * LOW HITPOINT WARNING * * *
You take 2 damage, and have 7/100 hp.
You feel very mighty all of a sudden. The minotaur barely misses you.
The minotaur gores you!
* * * LOW HITPOINT WARNING * * *
You take 5 damage, and have 2/100 hp.
You now have 0/13 mp.
You hit the minotaur but do no damage. You block the minotaur's attack.
The minotaur gores you.
You die...

. #. . #
# ## #.#
# ..#. .
. . .# #
# #.## #
. ##
.... .
.. .
.#..##
#######.
#..#....
...#.
##. ####
#.#.## #
. .#
#♣#....
. .# # #
.#. #H#.
# # # .
.# #
..#. #.
#.##
##### #
# # #...
...... #
. # # #
###### .
#... . .
.. . # #
#. ## #
#. .# #
# .. .#.
.. .
.#...


You could see a minotaur.

Vanquished Creatures
  4 two-headed ogres
  A deep elf mage (D:12)
  An elephant (D:8)
  2 centaur zombies
  A spiny frog (Lair:1)
  3 kobold demonologists (D:11)
  2 komodo dragons
  5 trolls
  4 hippogriffs
  2 humans (D:9)
  A wyvern (D:8)
  18 yaks
  A basilisk (D:8)
  Grum (D:8)
  5 hungry ghosts
  Edmund (D:4)
  5 water moccasins
  2 sky beasts (D:11)
  4 ice beasts
  A black bear (D:12)
  13 orc warriors
  A phantom (D:4)
  2 eyes of draining
  5 ogres
  A necrophage (D:9)
  4 wolves (D:8)
  2 centaurs (D:6)
  3 crocodiles
  3 big kobolds
  5 gnoll sergeants
  8 bullfrogs
  Blork the orc (D:6)
  2 scorpions
  13 killer bees
  3 howler monkeys
  7 electric eels
  4 crimson imps
  A jelly (D:9)
  A bullfrog zombie (D:8)
  13 hounds
  4 bullfrog skeletons
  12 orc priests
  2 centaur skeletons
  16 orc wizards
  3 gnoll shamans (D:9)
  An iguana (D:7)
  6 worker ants
  A hound skeleton (D:4)
  28 gnolls
  7 adders
  2 shadow imps
  An ooze (D:4)
  4 adder skeletons
  An adder zombie (D:6)
  A worm (D:2)
  A dart slug (D:1)
  3 leopard geckos
  84 orcs
  4 bats
  A bat zombie (D:9)
  10 giant cockroaches
  4 goblins
  4 hobgoblins
  13 jackals
  4 quokkas
  2 ball pythons (D:2)
  2 frilled lizards (D:2)
  2 jackal skeletons
  15 kobolds
  2 quokka skeletons
  A quokka zombie (D:5)
  7 rats
  2 rat zombies (D:9)
406 creatures vanquished.

Vanquished Creatures (others)
  A bullfrog (D:11)
  An orc wizard (D:11)
  A gnoll (D:9)
  A kobold (D:11)
  A fungus (D:8)
  6 plants (D:10)
11 creatures vanquished.

Grand Total: 417 creatures vanquished

Notes
Turn   | Place    | Note
-------+----------+-------------------------------------------
     0 | D:1      | krabocopter the Vine Stalker Gladiator began the quest for the Orb.
     0 | D:1      | Reached XP level 1. HP: 11/11 MP: 2/2
    77 | D:1      | Reached skill level 3 in Long Blades
    77 | D:1      | Reached XP level 2. HP: 12/15 MP: 3/3
   514 | D:1      | Reached XP level 3. HP: 18/18 MP: 4/4
  1176 | D:2      | Gained mutation: Your natural rate of healing is unusually fast. [Vine Stalker growth]
  1176 | D:2      | Reached XP level 4. HP: 23/23 MP: 5/5
  1265 | D:2      | Reached skill level 4 in Long Blades
  1730 | D:2      | Found a sparkling altar of Nemelex Xobeh.
  1883 | D:3      | Found a blossoming altar of Fedhas.
  2720 | D:4      | Noticed nono's ghost (amateur VSAM)
  2730 | D:4      | Reached XP level 5. HP: 20/28 MP: 6/6
  2737 | D:5      | Entered Level 5 of the Dungeon
  3032 | D:5      | Reached skill level 5 in Long Blades
  3032 | D:5      | Reached XP level 6. HP: 32/32 MP: 7/7
  3150 | D:5      | Noticed an ice beast
  3323 | D:5      | Noticed an ice beast
  3342 | D:5      | Killed an ice beast
  3539 | D:5      | Found a hide-covered altar of Uskayaw.
  3626 | D:5      | Killed an ice beast
  3626 | D:5      | Reached skill level 6 in Long Blades
  3626 | D:5      | Reached XP level 7. HP: 7/37 MP: 2/8
  3753 | D:5      | Noticed a hippogriff
  3806 | D:6      | Reached skill level 1 in Shields
  4291 | D:4      | Noticed Edmund
  4555 | D:5      | Gained mutation: You have razor-sharp teeth. [Vine Stalker growth]
  4555 | D:5      | Reached XP level 8. HP: 18/42 MP: 9/9
  4684 | D:6      | Noticed Blork the orc
  4898 | D:8      | Noticed a wyvern
  4898 | D:8      | Noticed a hippogriff
  4923 | D:8      | Killed a wyvern
  4926 | D:8      | Killed a hippogriff
  4926 | D:8      | Reached skill level 5 in Shields
  4989 | D:8      | Found an opulent altar of Gozag.
  5139 | D:8      | Noticed a two-headed ogre
  5193 | D:9      | Noticed a two-headed ogre
  5204 | D:9      | Killed a two-headed ogre
  5204 | D:9      | Reached XP level 9. HP: 34/48 MP: 8/10
  5221 | D:9      | Found a bloodstained altar of Trog.
  5479 | D:9      | Found Elyturph's Magic Scroll Boutique.
  5512 | D:9      | Learned a level 1 spell: Sting
  5589 | D:9      | Found Diwu's Food Shoppe.
  5620 | D:9      | Reached skill level 5 in Dodging
  5920 | D:9      | Found an ancient bone altar of Kikubaaqudgha.
  5944 | D:10     | Entered Level 10 of the Dungeon
  6164 | D:10     | Reached skill level 7 in Long Blades
  6164 | D:10     | Reached XP level 10. HP: 48/56 MP: 11/11
  6401 | D:10     | Noticed graki42's ghost (novice DEFE)
  6591 | D:9      | Found an iron altar of Okawaru.
  6605 | D:9      | Became a worshipper of Warmaster Okawaru
  6935 | D:8      | Noticed an elephant
  7064 | D:7      | Reached skill level 8 in Long Blades
  7373 | D:7      | Reached * piety under Okawaru
  7766 | D:7      | Found a staircase to the Ecumenical Temple.
  7982 | D:6      | Killed Blork the orc
  8195 | D:6      | Found an opulent altar of Gozag.
  8390 | D:4      | Killed Edmund
  8773 | D:8      | Killed an elephant
  8773 | D:8      | Reached skill level 1 in Armour
  8782 | D:8      | Reached skill level 9 in Long Blades
  8795 | D:8      | Reached ** piety under Okawaru
  8873 | D:8      | Reached XP level 11. HP: 62/62 MP: 12/12
  8979 | D:8      | Found a staircase to the Lair.
  9113 | D:8      | Found a shimmering altar of Xom.
  9202 | D:8      | Noticed Grum
  9223 | D:8      | Killed Grum
  9233 | D:8      | Reached *** piety under Okawaru
 10146 | D:10     | Reached skill level 10 in Long Blades
 10243 | D:10     | Reached skill level 5 in Armour
 10254 | D:10     | Reached **** piety under Okawaru
 10938 | D:11     | Killed a two-headed ogre
 10938 | D:11     | Reached ***** piety under Okawaru
 11450 | D:11     | Noticed a two-headed ogre
 11462 | D:11     | Killed a two-headed ogre
 11462 | D:11     | Reached skill level 11 in Long Blades
 11462 | D:11     | Gained mutation: You heal very quickly. [Vine Stalker growth]
 11462 | D:11     | Reached XP level 12. HP: 58/66 MP: 13/13
 11499 | D:11     | Received a gift from Okawaru
 11520 | D:11     | Learned a level 1 spell: Apportation
 12070 | D:11     | Found a staircase to the Orcish Mines.
 12273 | Orc:1    | Entered Level 1 of the Orcish Mines
 12505 | Lair:1   | Entered Level 1 of the Lair of Beasts
 12922 | D:12     | Got a brightly glowing chain mail
 12933 | D:12     | Identified the +6 chain mail of Conscience {+Blink rC- Str+8 Dex+2} (You found it on level 12 of the Dungeon)
 13239 | D:12     | Reached skill level 12 in Long Blades
 13277 | D:12     | Noticed Rupert
 13279 | D:12     | Paralysed by Rupert for 6 turns
 13368 | D:11     | Noticed a two-headed ogre
 13375 | D:11     | Killed a two-headed ogre
 13484 | Lair:1   | Noticed Gastronok
 13657 | Lair:1   | You fall through a shaft!
 13657 | Lair:2   | Found a labyrinth entrance.
 13673 | Lab      | Entered a labyrinth
 14336 | Lab      | Noticed a minotaur
 14363 | Lab      | HP: 2/100 [minotaur (6)]
 14364 | Lab      | Slain by a minotaur

Vault maps used:
D:1:      dpeg_arrival_prison, minmay_unequal
D:2:      cheibrodos_helix_gallery, nemelex_diamond_rough_becter
D:3:      fedhas_altar_2
D:4:      uniq_edmund
D:5:      kennysheep_little_box, first_bread, serial_bayou_ford_a
D:6:      nicolae_gozag_cash_rules_everything_around_me, uniq_blork_the_orc
D:7:      minmay_temple_entry_purple_smoke
D:8:      lemuel_doored_altar, kennysheep_mini_moat, david_lair_generic,
          uniq_grum
D:9:      okawaru_humans, lemuel_zombie_altar_kikubaaqudgha, old_standard_altar,
          serial_gnoll_camp, grums_kennel, gnoll_camp_mini_house,
          gnoll_camp_huts_moat, gnoll_camp_mini_shop, gnoll_camp_mini_hut,
          gnoll_camp_mini_house, serial_shops, shop
D:10:     serial_bayou, serial_bayou_lake_a, serial_bayou_lagoon_a,
          serial_bayou_shore_a, serial_bayou_pond_d
D:11:     erik_orc_2, grunt_ogre_cave, serial_park_tiny_2, lemuel_another_geyser
D:12:     uniq_rupert
Lair:1:   grunt_megastairs_4, serial_bayou_shore_b, lemuel_fruit_tree,
          uniq_gastronok
Lair:2:   portal_ice_cave_entry_imps, lab_entry_generic, st_stairs_3
Orc:1:    uniq_harold
Lab:      labyrinth_spiral, nicolae_lab_diamond

Skill      XL: |  1  2  3  4  5  6  7  8  9 10 11 12 |
---------------+-------------------------------------+-----
Fighting       | 2 3 4 6 7 9 |  9.7
Long Blades    | 3 4 5 6 7 9 11 12 | 12.4
Shields        | 3 5 |  5.4
Dodging        | 4 5 |  5.4
Armour         | 2 6 7 |  7.2
Throwing       | |  1.7

Action                   |  1- 3 |  4- 6 |  7- 9 | 10-12 || total
-------------------------+-------+-------+-------+-------++-------
Melee: Long sword        |    71 |   133 |   248 |  1088 ||  1540
       Bite              |    19 |    52 |   118 |   541 ||   730
Invok: Heroism           |       |       |       |    11 ||    11
 Abil: Evoke Blink       |       |       |       |     2 ||     2
Evoke: Wand              |       |       |     3 |     6 ||     9
  Use: Potion            |       |       |    10 |     4 ||    14
       Scroll            |       |       |     7 |    12 ||    19
 Stab: Sleeping          |     2 |     3 |       |       ||     5
       Distracted        |       |     1 |       |       ||     1
       Invisible         |       |       |     2 |       ||     2
  Eat: Chunk             |     1 |     8 |     7 |    27 ||    43
       Fruit             |       |       |     1 |     4 ||     5
       Royal jelly       |       |       |       |     1 ||     1
Armor: Leather armour    |    18 |    35 |    57 |    43 ||   153
       Ring mail         |       |       |       |   177 ||   177
       Skin              |       |       |       |    21 ||    21
       Chain mail        |       |       |       |    30 ||    30
Dodge: Dodged            |    42 |    76 |   188 |   568 ||   874
Block: Buckler           |       |    17 |    85 |   276 ||   378
       Rpst.: Long sword |     7 |    20 |    58 |   149 ||   234
